AoeStats
← OctopusRewind

Arena

510533965Analyzed
1v1 RM · 2d ago on Oct 1, 2026· 57m 52s· 2 players
Game mode
Random Map
Map size
Tiny (2 player)
Population
200
Speed
Normal
Resources
Standard
Victory
Conquest
Starting age
Dark Age
Ending age
Imperial Age
RankedLock teamsTeams togetherTeam positionsShared explorationLock speedFull tech treeHidden civsTurbo modeCheats
Victory
Defeat
🇺🇸 Danes · United States
407
+12
319
-12
julio.santana.aquino.polacas
13:05 Feudal Age
18:30 Castle Age
16:50 Double-Bit Axe
18:10 Gold Mining
18:34 Forging
18:17 Fletching
18:29 Scale Mail Armor
18:31 Padded Archer Armor
18:32 Stone Mining
18:38 Pikeman
18:46 Elite Skirmisher
21:48 Wheelbarrow
33:06 Chain Mail Armor
34:15 Husbandry
39:37 Hand Cart
56:41 Iron Casting
56:22 Leather Archer Armor
56:03 Bodkin Arrow
56:14 Scale Barding Armor
OctopusRewind
2:44 Loom
15:29 Feudal Age
15:53 Horse Collar
17:38 Wheelbarrow
17:17 Double-Bit Axe
17:01 Man-at-Arms
17:58 Arson
18:47 Town Watch
23:57 Forging
23:48 Scale Mail Armor
23:40 Fletching
23:51 Padded Archer Armor
23:57 Scale Barding Armor
27:19 Castle Age
28:58 Hand Cart
28:44 Town Patrol
29:26 Heavy Plow
30:40 Chain Mail Armor
31:00 Iron Casting
30:21 Bodkin Arrow
30:42 Leather Archer Armor
30:48 Chain Barding Armor
30:40 Pikeman
30:41 Long Swordsman
32:14 Squires
32:00 Gambesons
32:58 Gold Mining
34:47 Hamask
36:20 Bloodlines
36:11 Husbandry
35:37 Crossbowman
37:30 Murder Holes
38:11 Elite Skirmisher
39:26 Thumb Ring
42:42 Masonry
42:23 Guard Tower
43:27 Light Cavalry
54:45 Imperial Age
Connection lost

Rejoining the realm…

Still unreachable

The connection could not be restored.

Session expired

The server has moved on; the page needs a fresh start.